 Dungeon Crawl Stone Soup version 0.29.0-11-gd7f09526c8 (webtiles) character file.

Game seed: 4813626095713054306

3231 purpskrrrp the Missionary (level 9, -9/79 HPs)
             Began as a Hill Orc Fighter on Sept 6, 2022.
             Was a Priest of Beogh.
             Mangled by a hornet (12 damage)
             ... while paralysed by a hornet
             ... on level 9 of the Dungeon.
             The game lasted 00:24:51 (9675 turns).

purpskrrrp the Missionary (Hill Orc Fighter)        Turns: 9675, Time: 00:24:51

Health: -9/79      AC: 11    Str: 23    XL:     9   Next: 98%
Magic:  14/14      EV:  2    Int:  8    God:    Beogh [***...]
Gold:   79         SH:  0    Dex: 10    Spells: 8/8 levels left

rFire   . . .      SeeInvis .   k - +5 trident of Urgency {vorpal, rN+}
rCold   + . .      Faith    .   c - +0 buckler
rNeg    + . .      Spirit   .   b - +1 scale mail
rPois   .          Reflect  .   (no helmet)
rElec   .          Harm     .   D - +1 cloak
rCorr   .          Rampage  .   (no gloves)
Will    .....                   (no boots)
Stlth   ..........              (no amulet)
HPRegen 0.23/turn               i - ring of protection from cold
MPRegen 0.14/turn               (no ring)

@: paralysed, lethally poisoned (-9 -> -12), slowed
A: MP-powered wands
a: Renounce Religion, Smiting


You were on level 9 of the Dungeon.
You worshipped Beogh.
Beogh was most pleased with you.
You visited 2 branches of the dungeon, and saw 10 of its levels.

You collected 445 gold pieces.
You spent 366 gold pieces at shops.

Inventory:

Hand Weapons
 a - a +3 vorpal war axe
 k - the +5 trident of Urgency (weapon) {vorpal, rN+}
   (You found it on level 3 of the Dungeon)

   It inflicts extra damage upon your enemies.
   rN:        It protects you from negative energy.
 q - a +3 falchion of holy wrath
 u - the +7 staff of the Meek {protect, meekguard}
   (You found it on level 3 of the Dungeon)

   It grants its wielder temporary protection when it strikes (+7 to AC).
   It provides extra protection to wielders with little health.
Missiles
 e - 7 boomerangs
 f - 5 javelins (quivered)
 r - a throwing net
 z - a curare-tipped dart
 E - 6 poisoned darts
Armour
 b - a +1 scale mail (worn)
 c - a +0 buckler (worn)
 D - a +1 cloak (worn)
Jewellery
 i - a ring of protection from cold (left hand)
Wands
 w - a wand of roots (10)
 C - a wand of polymorph (11)
Scrolls
 j - a scroll of fog
 n - 5 scrolls of teleportation
 o - a scroll of identify
 s - a scroll of summoning
 t - 2 scrolls of torment
 v - a scroll of fear
 A - a scroll of blinking
 B - a scroll of magic mapping
Potions
 d - 3 potions of might
 g - 6 potions of curing
 h - 2 potions of haste
 l - 3 potions of invisibility
 m - a potion of attraction
 p - 2 potions of brilliance
 x - 3 potions of degeneration


   Skills:
 + Level 7.0 Fighting
 - Level 5.1(5.3) Axes
 - Level 1.6(5.2) Polearms
 * Level 5.4(5.5) Staves
 + Level 6.3 Armour
 + Level 3.7 Dodging
 + Level 6.4 Shields
 * Level 7.6 Invocations


You had 8 spell levels left.
You didn't know any spells.
Your spell library contained the following spells:

 Spells                   Type           Power      Damage    Failure   Level
 Freeze                   Ice            0%         1d3       78%         1
 Necrotise                Necr           0%         1d4       78%         1
 Sting                    Tmut/Pois      0%         1d3       78%         1
 Poisonous Vapours        Pois/Air       0%         N/A       89%         2
 Scorch                   Fire           0%         2d5       89%         2
 Frozen Ramparts          Ice            0%         1d1       98%         3
 Portal Projectile        Hex/Tloc       0%         N/A       98%         3
 Tukima's Dance           Hex            0%         N/A       98%         3
 Vampiric Draining        Necr           0%         2d6       98%         3
 Flame Wave               Conj/Fire      0%         2d4       100%        4
 Hailstorm                Conj/Ice       0%         3d3       100%        4
 Olgreb's Toxic Radiance  Pois           0%         N/A       100%        4
 Agony                    Necr           0%         N/A       100%        5
 Blade Hands              Tmut           0%         N/A       100%        5
 Summon Cactus Giant      Summ           0%         N/A       100%        6


Dungeon Overview and Level Annotations

Branches:
Dungeon (9/15)             Temple (1/1) D:7
   Lair: D:8-11         Orc: D:9-12

Altars:
Ashenzari
Cheibriados
Hepliaklqana
Kikubaaqudgha
Makhleb
Nemelex Xobeh
Ru
Uskayaw
Vehumet
Wu Jian
Xom
Yredelemnul
Zin
The Shining One
Beogh

Shops:
D:2 ?


Innate Abilities, Weirdness & Mutations

You expend magic power (3 MP) to strengthen your wands.


Message History

Reach: k) +5 trident of Urgency {vorpal, rN+}
Press: ? - help, Dir - move target, f/p - hornet
Aim: a hornet (lightly wounded, about 46% to evade the +5 trident of Urgency)
You puncture the hornet!
The hornet is severely wounded.
You feel very sick. The hornet stings you!
You feel as though you will be slow longer.
The hornet stings you.
You are more poisoned.
You feel as though you will be slow longer.
Reach: k) +5 trident of Urgency {vorpal, rN+}
Press: ? - help, Dir - move target, f/p - hornet
Aim: a hornet (severely wounded, about 46% to evade the +5 trident of Urgency)
You closely miss the hornet.
The hornet is severely wounded.
You feel very sick. You block the hornet's attack.
The hornet barely misses you. You block the hornet's attack.
Reach: k) +5 trident of Urgency {vorpal, rN+}
Press: ? - help, Dir - move target, f/p - hornet
Aim: a hornet (severely wounded, about 46% to evade the +5 trident of Urgency)
You barely miss the hornet.
The hornet is severely wounded.
You feel very sick.
The hornet stings you but does no damage.
You block the hornet's attack.
Reach: k) +5 trident of Urgency {vorpal, rN+}
Press: ? - help, Dir - move target, f/p - hornet
Aim: a hornet (severely wounded, about 46% to evade the +5 trident of Urgency)
You hit the hornet but do no damage.
The hornet is severely wounded.
You feel sick. You block the hornet's attack. The hornet stings you!
* * * LOW HITPOINT WARNING * * *
You suddenly lose the ability to move!
The hornet stings you.
* * * LOW HITPOINT WARNING * * *
You feel as though you will be slow longer.
* * * LOW HITPOINT WARNING * * *
You feel sick. The hornet stings you!
You die...

#.# ... #.# .. .. #>#
#.# #. #. # #.# #.#
#. #. #..###.####.#
#.# #.##.
#....y......# #.#
..#. #@## #.# #...
#).# #.####.#. ##.#
#.##..... # #.#
#.##.###. ##. #.#
#....# #.
#...#.##########.###.
#..................
#...#..............##
##.##############..#


You could see a hornet.

Vanquished Creatures
  A wyvern (D:9)
  2 steam dragons
  Edmund (D:6)
  Duvessa (D:6)
  2 black bears
  2 ice beasts
  2 sky beasts
  2 ogres
  An orc warrior (D:6)
  3 kobold brigands
  3 bullfrogs
  A gnoll sergeant (D:7)
  A necrophage (D:5)
  A scorpion (D:6)
  Dowan (D:6)
  3 killer bees (D:8)
  A jelly (D:5)
  2 gnoll boudas
  6 orc priests
  4 hounds
  Crazy Yiuf (D:6)
  5 iguanas
  Jessica (D:2)
  Natasha (thrice) (D:3)
  An orc wizard (D:8)
  20 gnolls
  8 adders
  An ufetubus (D:6)
  4 dart slugs
  34 orcs
  5 bats
  8 endoplasms
  2 giant cockroaches
  6 goblins
  3 hobgoblins
  3 jackals
  25 kobolds
  4 quokkas
  5 ball pythons
  4 frilled lizards
  10 rats
193 creatures vanquished.

Vanquished Creatures (others)
  2 orcs
  A frilled lizard (D:3)
  A fungus (D:2)
  10 plants (D:2)
14 creatures vanquished.

Grand Total: 207 creatures vanquished

Notes
Turn   | Place    | Note
-------+----------+-------------------------------------------
     0 | D:1      | purpskrrrp the Hill Orc Fighter began the quest for the
                  | Orb.
     0 | D:1      | Reached XP level 1. HP: 19/19 MP: 1/1
   168 | D:1      | Reached XP level 2. HP: 27/27 MP: 2/2
   389 | D:1      | You fall into a shaft and drop 1 floor!
   577 | D:2      | Reached XP level 3. HP: 23/33 MP: 3/3
   673 | D:2      | Found Kuisu's Magic Scroll Emporium.
   857 | D:2      | Found a sparkling altar of Nemelex Xobeh.
   913 | D:2      | Found a faded altar of an unknown god.
   932 | D:2      | Got Plato's Tome of the Blizzard
  1007 | D:2      | Reached XP level 4. HP: 40/40 MP: 4/4
  1097 | D:2      | Noticed Jessica
  1113 | D:2      | Killed Jessica
  1114 | D:2      | Reached skill level 1 in Dodging
  1475 | D:2      | Reached XP level 5. HP: 34/46 MP: 5/5
  1764 | D:3      | Noticed Natasha
  1773 | D:3      | Killed Natasha
  1908 | D:3      | Identified the +5 trident of Urgency {vorpal, rN+}
  2040 | D:3      | Reached skill level 5 in Axes
  2047 | D:3      | Reached XP level 6. HP: 33/53 MP: 6/6
  2296 | D:3      | Noticed Natasha
  2299 | D:3      | Killed Natasha
  2300 | D:3      | Reached skill level 1 in Polearms
  2322 | D:3      | Became a worshipper of Beogh the Brigand
  2374 | D:3      | Noticed Natasha
  2389 | D:3      | Killed Natasha
  2753 | D:3      | Found a roughly hewn altar of Beogh.
  2753 | D:3      | Found the +7 staff of the Meek {protect, meekguard}
  3405 | D:4      | Found a glowing golden altar of the Shining One.
  3421 | D:5      | Entered Level 5 of the Dungeon
  3457 | D:5      | Reached skill level 1 in Invocations
  3648 | D:5      | Reached XP level 7. HP: 60/60 MP: 6/8
  3677 | D:5      | Reached skill level 5 in Fighting
  3677 | D:5      | Reached skill level 1 in Staves
  3864 | D:5      | Reached * piety under Beogh
  4171 | D:5      | Found a shimmering altar of Xom.
  4172 | D:5      | Found an ornate altar of the Wu Jian Council.
  4469 | D:6      | Reached XP level 8. HP: 46/69 MP: 10/10
  4675 | D:6      | Reached skill level 5 in Armour
  4675 | D:6      | Reached skill level 5 in Shields
  5120 | D:6      | Noticed Duvessa
  5120 | D:6      | Noticed Dowan
  5127 | D:6      | Killed Duvessa
  5128 | D:6      | Reached skill level 5 in Invocations
  5136 | D:6      | Killed Dowan
  5358 | D:6      | Found a runed translucent door.
  5359 | D:6      | Noticed Crazy Yiuf
  5470 | D:6      | Noticed Edmund
  5482 | D:6      | Killed Edmund
  5823 | D:6      | Killed Crazy Yiuf
  5824 | D:6      | Reached XP level 9. HP: 48/72 MP: 13/13
  6069 | D:7      | Found a broken altar of Ashenzari.
  6136 | D:7      | Reached ** piety under Beogh
  6676 | D:7      | Found a staircase to the Ecumenical Temple.
  7421 | D:7      | Gained mutation: You have hidden genetic defects. [potion
                  | of mutation]
  7421 | D:7      | Gained mutation: You occasionally lose the ability to drink
                  | potions when taking damage. [potion of mutation]
  7421 | D:7      | Gained mutation: You are partially covered in iridescent
                  | scales. (AC +2) [potion of mutation]
  7422 | D:7      | Lost mutation: You are partially covered in iridescent
                  | scales. (AC +2) [potion of mutation]
  7422 | D:7      | Lost mutation: You occasionally lose the ability to drink
                  | potions when taking damage. [potion of mutation]
  7422 | D:7      | Lost mutation: You have hidden genetic defects. [potion of
                  | mutation]
  7422 | D:7      | Gained mutation: You expend magic power (3 MP) to
                  | strengthen your wands. [potion of mutation]
  7722 | D:2      | Bought a scroll of fog for 48 gold pieces
  7722 | D:2      | Bought a scroll of brand weapon for 114 gold pieces
  7722 | D:2      | Bought a scroll of identify for 24 gold pieces
  7722 | D:2      | Bought a scroll of enchant weapon for 90 gold pieces
  7722 | D:2      | Bought a scroll of magic mapping for 90 gold pieces
  7843 | Temple   | Entered the Ecumenical Temple
  8323 | D:8      | Reached skill level 5 in Staves
  8739 | D:8      | Reached *** piety under Beogh
  9664 | D:9      | Noticed a hornet
  9670 | D:9      | Paralysed by a hornet for 1 turns
  9674 | D:9      | Paralysed by a hornet for 3 turns
  9675 | D:9      | HP: 3/79 [poisoned by a hornet]
  9675 | D:9      | Mangled by a hornet

Illustrated notes

Levels and vault maps discovered:
D:1:      amcnicky_arrival_double_pillar, layout_rooms, serial_bayou_pond_d,
          hex_tiny, grunt_decor_mini_mirrors
D:2:      cheibrodos_old_hovel, layout_basic, serial_shops, nicolae_shop_trees,
          shapermc_ecumenical_altar_rom_forum, basic_altar, minmay_circled_x,
          uniq_jessica
D:3:      layout_loops_ring, minmay_misc_feat_square, pf_guarded_unrand_meek,
          uniq_natasha
D:4:      layout_basic, tso_oasis_becter, serial_glass, glass_columns_b,
          glass_columns_a
D:5:      layout_cave_pools, mainiacjoe_overflow_divided_tiny
D:6:      layout_basic, uniq_duvessa, uniq_crazy_yiuf_cottage, uniq_edmund
D:7:      layout_loops_corners, ashenzari_conservatory_becter, temple_statues,
          st_stairs_7
D:8:      layout_cave_pods
D:9:      layout_loops_ring, lair_entry_dummy, serial_park_tiny_2
Temple:   nicolae_temple_two_arcs

Skill      XL: |  1  2  3  4  5  6  7  8  9 |
---------------+----------------------------+-----
Axes           | 3 4 5 |  5.1
Fighting       | 4 5 6 7 |  7.0
Dodging        | 1 2 3 |  3.7
Armour         | 4 5 6 |  6.3
Shields        | 4 5 6 |  6.4
Polearms       | 1 |  1.6
Invocations    | 1 3 5 7 |  7.6
Staves         | 2 4 5 |  5.4

Action                   |  1- 3 |  4- 6 |  7- 9 || total
-------------------------+-------+-------+-------++-------
Melee: War axe           |    87 |    54 |       ||   141
       Trident           |       |    48 |   108 ||   156
       Quarterstaff      |       |    38 |   247 ||   285
Throw: Boomerang         |     3 |     2 |     3 ||     8
       Javelin           |       |       |     3 ||     3
Invok: Convert to Beogh  |       |     1 |       ||     1
  Use: Scroll            |     4 |     8 |    17 ||    29
       Potion            |       |       |     9 ||     9
Armor: Scale mail        |    52 |    48 |   165 ||   265
Dodge: Dodged            |    55 |    65 |   209 ||   329
Block: Buckler           |    21 |    24 |    26 ||    71
